 Dungeon Crawl Stone Soup version 0.26.1-11-gd32895ea62 (webtiles) character file.

Game seed: 2295782209620315003

451 bnorton916 the Magician (level 6, 0/32 HPs)
             Began as a Deep Elf Conjurer on July 23, 2021.
             Succumbed to Duvessa's poison
             ... on level 4 of the Dungeon.
             The game lasted 00:07:30 (4774 turns).

bnorton916 the Magician (Deep Elf Conjurer)         Turns: 4774, Time: 00:07:30

Health: 0/32       AC:  5    Str:  4    XL:     6   Next: 75%
Magic:  14/18      EV: 13    Int: 25    God:
Gold:   118        SH:  0    Dex: 13    Spells: 16/19 levels left

rFire    + + .     SeeInvis .   p - +0 dagger (elec)
rCold    + . .     Faith    .   (no shield)
rNeg     . . .     Spirit   .   a - +0 robe
rPois    .         Reflect  .   e - +2 helmet
rElec    .         Harm     .   y - scarf {rC+ rF+}
rCorr    .         Rampage  .   (no gloves)
Will     .....                  (no boots)
Stlth    ++........             o - amulet of magic regeneration
HPRegen  0.10/turn              j - ring of protection from fire
MPRegen  0.41/turn              (no ring)

@: lethally poisoned (0 -> -40)
A: no striking features
a: no special abilities


You were on level 4 of the Dungeon.
You visited 1 branch of the dungeon, and saw 5 of its levels.

You collected 256 gold pieces.
You spent 138 gold pieces at shops.

Inventory:

Hand Weapons
 c - a +0 dagger of venom
 p - a +0 dagger of electrocution (weapon)
Missiles
 b - 217 stones
Armour
 a - a +0 robe (worn)
 e - a +2 helmet (worn)
 y - a scarf of resistance (worn)
Magical Staves
 d - an uncursed staff of earth
Jewellery
 j - a ring of protection from fire (left hand)
 o - an amulet of magic regeneration (around neck)
 s - an uncursed amulet of the acrobat {unknown}
Wands
 m - a wand of acid (6)
 z - a wand of disintegration (10)
Scrolls
 g - 2 scrolls of teleportation
 k - 2 scrolls of enchant armour {unknown}
 l - a scroll of immolation {unknown}
 q - a scroll of enchant weapon {unknown}
 r - 4 scrolls of remove curse
 t - a scroll of magic mapping {unknown}
 v - a scroll of blinking {unknown}
 w - 2 scrolls of noise {unknown}
 x - 2 scrolls of fear
Potions
 h - 2 potions of resistance
 i - 3 potions of curing
 n - 3 potions of brilliance
 u - a potion of haste


   Skills:
 - Level 2.4 Dodging
 - Level 2.4 Stealth
 + Level 7.2 Spellcasting
 + Level 7.0 Conjurations


You had 16 spell levels left.
You knew the following spells:

 Your Spells              Type           Power        Failure   Level
a - Magic Dart            Conj           100%         1%          1
b - Searing Ray           Conj           88%          1%          2

Your spell library contained the following spells:

 Spells                   Type           Power        Failure   Level
 Dazzling Flash           Conj/Hex       52%          4%          3
 Fulminant Prism          Conj/Hex       13%          16%         4
 Iskenderun's Mystic Bla  Conj/Tloc      26%          16%         4


Dungeon Overview and Level Annotations

Branches:
Dungeon (5/15)
 Temple: D:4-7

Altars:
Ru
Trog

Shops:
D:4 ?   D:5 [

Annotations:
D:5 Dowan, Duvessa


Message History

Confirm with . or Enter, or press ? or * to list all spells.
Aiming: Searing Ray (safe; 1% risk of failure)
Press: ? - help, Shift-Dir - straight line, f/p - Duvessa
Aim: Duvessa, wielding a +1 short sword of venom, wearing a +0 ring mail and carrying a wand of random effects (14) (heavily wounded, 13% to evade)
The searing ray hits Duvessa but does no damage.
Duvessa is heavily wounded. (Press . to maintain the ray.)
You feel very sick.
Duvessa hits you with a +1 short sword of venom.
The searing ray hits Duvessa!
Duvessa is severely wounded.
* * * LOW HITPOINT WARNING * * *
You feel very sick. Dowan casts a spell at you. The puff of flame misses you.
Duvessa barely misses you.
* * * LOW HITPOINT WARNING * * *
You feel very sick. Duvessa barely misses you.
You climb upwards.
You die...

.# #.......# #.##.# #... .#
####### #.......# #.##.# #...
.# #.....# #.......# #.##.#
#... .# #.....#
#.......###.##.# #...
.####.....# #........[..##.#
#... ..........#
#.......######.# #...
#####.....###.......# #.#
#... #.......#.############.#
#... #.......#.##@........#.#
####
#.......#.##.######..#.######
#.......#.##.# #..#.......
#.......#.##.# #..########
##......#.##.# #..#
#......#.##.######..########
#.######.##.................
#.# #.##########.####.#..
#.######.##########..#......


There were no monsters in sight!

Vanquished Creatures
  Grinder (D:3)
  An orc priest (D:3)
  3 orc wizards
  A worker ant (D:4)
  2 adders
  4 oozes
  An ufetubus (D:5)
  2 adder skeletons (D:4)
  2 worms (D:2)
  A dart slug (D:3)
  2 leopard geckos
  5 orcs
  9 bats
  7 giant cockroaches
  4 goblins
  6 hobgoblins
  12 jackals
  A quokka (D:4)
  2 ball pythons (D:2)
  2 frilled lizards (D:2)
  7 kobolds
  11 rats
86 creatures vanquished.

Notes
Turn   | Place    | Note
-------+----------+-------------------------------------------
     0 | D:1      | bnorton916 the Deep Elf Conjurer began the quest for the
                  | Orb.
     0 | D:1      | Reached XP level 1. HP: 10/10 MP: 6/6
   198 | D:1      | Reached XP level 2. HP: 15/15 MP: 4/8
   662 | D:1      | Reached skill level 5 in Conjurations
   662 | D:1      | Reached XP level 3. HP: 19/19 MP: 8/10
  1280 | D:2      | Reached XP level 4. HP: 22/24 MP: 4/12
  1283 | D:2      | Learned a level 2 spell: Searing Ray
  1599 | D:2      | Found a sacrificial altar of Ru.
  1645 | D:2      | Reached skill level 5 in Spellcasting
  2003 | D:2      | Reached XP level 5. HP: 28/28 MP: 11/14
  2590 | D:3      | Noticed Grinder
  2590 | D:3      | Paralysed by Grinder for 5 turns
  2649 | D:3      | Killed Grinder
  2650 | D:3      | Reached XP level 6. HP: 32/32 MP: 15/17
  3538 | D:4      | Found Ucrink's Magic Scroll Shop.
  3546 | D:4      | Bought a scroll of identify for 24 gold pieces
  3546 | D:4      | Bought a scroll of fear for 42 gold pieces
  3546 | D:4      | Bought a scroll of teleportation for 36 gold pieces
  3546 | D:4      | Bought a scroll of remove curse for 36 gold pieces
  3795 | D:4      | Found a bloodstained altar of Trog.
  4516 | D:5      | Entered Level 5 of the Dungeon
  4541 | D:5      | Found Yxiott's Antique Armour Emporium.
  4546 | D:5      | Noticed Dowan
  4548 | D:5      | Noticed Duvessa
  4774 | D:4      | Succumbed to Duvessa's poison

Illustrated notes

Levels and vault maps discovered:
D:1:      saegor_arrival_simple_c, layout_loops_ring, minmay_misc_feat_doors,
          st_stairs_6
D:2:      layout_loops_ring, serial_glass, glass_columns_b, glass_columns_b,
          dk_noncrumbling_3, nicolae_ru_great_annihilating_truth
D:3:      layout_rooms, serial_park_tiny_1, moated_statue, uniq_grinder
D:4:      layout_basic, serial_shops, shop, lemuel_altar_in_water
D:5:      minmay_chambers_of_fours, layout_gridville, serial_shops, shop,
          uniq_pikel, uniq_duvessa

Skill      XL: |  1  2  3  4  5  6 |
---------------+-------------------+-----
Spellcasting   | 4 5 6 7 |  7.2
Conjurations   | 5 6 7 |  7.0
Dodging        | |  2.4
Stealth        | |  2.4

Action                   |  1- 3 |  4- 6 || total
-------------------------+-------+-------++-------
 Cast: Magic Dart        |    74 |   113 ||   187
       Searing Ray       |       |     6 ||     6
Evoke: Wand              |       |     2 ||     2
  Use: Scroll            |       |     5 ||     5
       Potion            |       |     1 ||     1
Armor: Robe              |     3 |     6 ||     9
Dodge: Dodged            |     8 |    17 ||    25
